 Dungeon Crawl Stone Soup version 0.32-a0-699-g1ee5eff69a (webtiles) character file.

Game seed: 11666381832971523310

148 Shayle the Apothecary (level 5, -2/40 HPs)
             Began as a Coglin Alchemist on Mar 13, 2024.
             Slain by a wight
             ... wielding a +3 halberd
              (3 damage)
             ... on level 5 of the Dungeon.
             The game lasted 00:13:24 (1840 turns).

Shayle the Apothecary (Coglin Alchemist)            Turns: 1840, Time: 00:13:24

Health: -2/40      AC:  9    Str: 10    XL:     5   Next: 30%
Magic:  7/7        EV:  9    Int: 14    God:
Gold:   139        SH:  0    Dex: 15    Spells: 6/7 levels left

rFire   . . .        r - +0 sling {Fernanda}
rCold   . . .        d - +0 sling {Yeongsuk}
rNeg    . . .        s - +4 ring mail
rPois   .            (no helmet)
rElec   .            (no cloak)
rCorr   .            (no gloves)
SInv    .            (no boots)
Will    .....        (amulet unavailable)
Stlth   +            (ring unavailable)
HPRegen 0.26/turn    (ring unavailable)
MPRegen 0.10/turn    (no gizmo)

%: no passive effects
@: hasted, very quick
A: off-hand wielding, slow wielding, warmup strikes, no jewellery
a: Invent Gizmo


You were on level 5 of the Dungeon.
You visited 1 branch of the dungeon, and saw 5 of its levels.

You collected 139 gold pieces.

Inventory:

Hand Weapons
 d - a +0 sling (offhand) {Yeongsuk}
 n - a +0 trident
 r - a +0 sling (weapon) {Fernanda}
Armour
 a - a +0 robe
 f - a +4 chain mail
 s - a +4 ring mail (worn)
 u - a +1 leather armour of cold resistance
Scrolls
 p - 2 scrolls of identify
Potions
 b - a potion of magic
 e - a potion of brilliance {unknown}
 h - a potion of ambrosia
 l - a potion of degeneration {unknown}


   Skills:
 + Level 2.9 Fighting
 + Level 2.6 Ranged Weapons
 - Level 2.0 Dodging
 - Level 1.5 Stealth
 - Level 1.9 Spellcasting
 - Level 1.2 Conjurations
 - Level 3.4 Alchemy


You had 6 spell levels left.
You knew the following spells:

 Your Spells              Type           Power      Damage    Failure   Level
a - Sting                 Conj/Alch      28%        1d4       24%         1

Your spell library contained the following spells:

 Spells                   Type           Power      Damage    Failure   Level
 Mercury Vapours          Alch/Air       12%        N/A       43%         2
 Cigotuvi's Dreadful Rot  Necr/Alch/Air  8%         N/A       52%         2
 Call Imp                 Summ           2%         N/A       67%         2
 Sublimation of Blood     Necr           1%         N/A       67%         2
 Mephitic Cloud           Conj/Alch/Air  5%         N/A       69%         3
 Olgreb's Toxic Radiance  Alch           11%        N/A       83%         4
 Ignite Poison            Fire/Alch      6%         N/A       97%         4
 Sticky Flame             Fire/Alch      6%         2d4       97%         4
 Freezing Cloud           Conj/Ice/Air   1%         6-21      100%        5
 Summon Hydra             Summ           0%         N/A       100%        7


Dungeon Overview and Level Annotations

Branches:
Dungeon (6/15)
 Temple: D:4-7

Altars:
Dithmenos

Shops:
D:1 [

Annotations:
D:2 1 runed translucent door, Crazy Yiuf
D:5 Grinder
D:6 Blork the orc


Innate Abilities, Weirdness & Mutations

You can wield a second weapon in your off-hand.
It takes a long time for you to wield or remove held weapons.
Your first few attacks do less damage.
You cannot equip rings or amulets.


Message History

The phantom attacks as it pursues you! The phantom closely misses you.
Found a scroll of teleportation and 16 gold pieces.
A white imp comes into view.
Found a leather armour.
The white imp shouts!
The phantom attacks as it pursues you! The phantom barely misses you.
The white imp gestures at you. The puff of frost misses you.
The phantom attacks as it pursues you!
The phantom hits you but does no damage.
Found a stone staircase leading down.
The phantom attacks as it pursues you! The phantom barely misses you.
The phantom attacks as it pursues you! The phantom hits you.
The phantom blinks!
You blink.
The phantom closely misses you.
There is a stone staircase leading down here.
The phantom hits you.
You climb downwards.
Level annotation: Blork the orc The orc shouts!
Found 18 gold pieces.
There is a stone staircase leading up here.
Unknown command.
The wight hits you with a +0 mace. The wight hits you with a +3 halberd!
* * * LOW HITPOINT WARNING * * *
The orc barely misses you. The phantom closely misses you.
You climb upwards.
Level annotation: Grinder
There is a stone staircase leading down, spattered with blood here.
Unknown command.
You feel better. The orc hits you with a +0 club.
The wight hits you with a +0 mace. The wight hits you with a +3 halberd.
* * * LOW HITPOINT WARNING * * *
The phantom hits you but does no damage.
The wight closely misses you. The wight hits you with a +3 halberd!
* * * LOW HITPOINT WARNING * * *
Okay, then.
It was a potion of haste.
You feel yourself speed up. The orc hits you but does no damage.
The wight barely misses you. The wight hits you with a +3 halberd.
You die...

#.# #.#..# ..
#.######.#..##.#
#........B.....#
_.#.............#.#..#
.##..##########...#
##.. #...# ...
#5W####..# #.
#zoz.....# #
#.@####.## #..# ....#
####.# #.# #.# #.≈ #.#
#.≈ ..##


You could see a phantom, a bombardier beetle, 2 wights, a white imp and an orc.

Vanquished Creatures
  2 bombardier beetles
  2 adders (D:2)
  2 ufetubi (D:5)
  A dart slug (D:1)
  2 orcs (D:3)
  5 bats
  4 endoplasms
  A giant cockroach (D:1)
  3 goblins (D:1)
  8 hobgoblins
  2 jackals (D:1)
  2 quokkas
  8 ball pythons
  2 kobolds (D:2)
  5 rats
49 creatures vanquished.

Notes
Turn   | Place    | Note
-------+----------+-------------------------------------------
     0 | D:1      | Shayle the Coglin Alchemist began the quest for the Orb.
     0 | D:1      | Reached XP level 1. HP: 13/13 MP: 3/3
    74 | D:1      | Reached skill level 1 in Conjurations
    84 | D:1      | Found Xohoinkete's Antique Armour Emporium.
   131 | D:1      | Reached XP level 2. HP: 12/19 MP: 4/4
   410 | D:1      | Reached skill level 1 in Fighting
   410 | D:1      | Reached XP level 3. HP: 25/26 MP: 5/5
   414 | D:1      | Reached skill level 1 in Ranged Weapons
  1146 | D:2      | Reached XP level 4. HP: 26/33 MP: 6/6
  1286 | D:2      | Found a runed translucent door.
  1287 | D:2      | Noticed Crazy Yiuf
  1660 | D:3      | You fall into a shaft and drop 2 floors!
  1660 | D:5      | Entered Level 5 of the Dungeon
  1718 | D:5      | Noticed Grinder
  1722 | D:5      | Paralysed by Grinder for 4 turns
  1764 | D:6      | Noticed Blork the orc
  1764 | D:6      | Noticed a scorpion
  1809 | D:5      | Reached XP level 5. HP: 26/40 MP: 7/7
  1809 | D:5      | Noticed a phantom
  1814 | D:5      | Found a shadowy altar of Dithmenos.
  1839 | D:5      | HP: 1/40 [wight/+3 halberd (7)]
  1840 | D:5      | Slain by a wight

Illustrated notes

Levels and vault maps discovered:
D:1:      heliophobic_arrival_henge, layout_rooms, serial_shops, shop
D:2:      layout_basic, minmay_domino_4, uniq_crazy_yiuf_cottage
D:3:      minmay_wonky_spiral, layout_basic, uniq_natasha
D:5:      layout_loops_ring, grunt_temple_overflow_opulence,
          nicolae_dithmenos_through_a_glass_darkly, lemuel_blue_sif_altar,
          serial_rivers, chequers_serial_rivers_large_b,
          chequers_serial_rivers_marsh, chequers_serial_rivers_small_a,
          chequers_serial_rivers_small_b, chequers_serial_rivers_micro_e,
          uniq_sigmund, uniq_duvessa, uniq_grinder
D:6:      layout_layer_cave, slow_altar_2, nicolae_the_louvre,
          uniq_blork_the_orc, uniq_maggie

Skill      XL: |  1  2  3  4 |
---------------+-------------+-----
Conjurations   | 1 |  1.2
Dodging        | 2 |  2.0
Fighting       | 1 2 |  2.9
Ranged Weapons | 1 2 |  2.6
Stealth        | |  1.5
Spellcasting   | |  1.9
Alchemy        | |  3.4

Action                     |  1- 3 |  4- 6 || total
---------------------------+-------+-------++-------
  Melee: Dagger            |   199 |       ||   199
         Sling             |    31 |       ||    31
   Fire: Sling             |    30 |   116 ||   146
   Cast: Sting             |     4 |     1 ||     5
    Use: Scroll            |       |     6 ||     6
         Potion            |       |     5 ||     5
 Armour: Chain mail        |   172 |     7 ||   179
         Robe              |     1 |       ||     1
         Ring mail         |       |   124 ||   124
  Dodge: Dodged            |    32 |    99 ||   131

Table legend: (Time is in decaauts)
 A = Elapsed time spent in this place.
 B = Non-inter-level travel time spent in this place.
 C = Inter-level travel time spent in this place.
 D = Time resting spent in this place.
 E = Time spent auto-exploring this place.
 F = Levels seen in this place.
 G = Mean time per level.
                   A        B        C        D        E       F      G
               +--------+--------+--------+--------+--------+-----+--------+
         Total |   1882 |   1772 |    110 |     32 |   1001 |   5 |  376.4 |
       Dungeon |   1882 |   1772 |    110 |     32 |   1001 |   5 |  376.4 |
               +--------+--------+--------+--------+--------+-----+--------+

Top non-repeatable levels by time:
     D:2: 923 daAuts
     D:1: 609 daAuts
     D:5: 189 daAuts
     D:3: 157 daAuts
     D:6: 3 daAuts
